cohdb
Replays
Latest Replays
All Replays
Popular Replays
Top Player Replays
Match Explorer
How It Works
Community
CoH3 Stats
Reddit
Sign in to upload your games and track your stats! →
Sign in with Steam
Match 41916884
Unlisted
Match 41916884
Overview
Messages
Build Orders
End
Engineer Squad
Construct Barracks
Selects Airborne Battlegroup
Selects Heavy Machine Gun Paradrop
Heavy Machine Gun Paradrop
Riflemen Squad
Construct Medical Station
Construct Medical Station
Grenade Package
Selects Paratrooper Squad Paradrop
Paratrooper Squad Paradrop
Infantry Support Center
Paratrooper Squad Paradrop
Selects Recon Loiter
Selects Supply Drop
Supply Drop
Selects Anti-tank Gun Team Paradrop
Supply Drop
Construct Tank Depot
M1 Mortar Team
Selects Dual P-47 Rocket Strike
M4A1 Sherman Medium Tank
Supply Drop
Anti-tank Gun Team Paradrop
Paratrooper Squad Paradrop
Dual P-47 Rocket Strike
孤城叶枫
Brother
0
0
Comments
sign in to comment!
No comments posted yet!